[Event "Early-Titled-Tuesday-Blitz-April-23-2024"]
[Site "Chess.com"]
[Date "2024.04.23"]
[Round "3"]
[White "Artem_Koval"]
[Black "Binary010"]
[Result "1-0"]
[WhiteElo "2552"]
[BlackElo "2846"]
[TimeControl "180+1"]
[EndTime "8:28:44 PDT"]
[Termination "Artem_Koval won by resignation"]

1. d4 Nf6 2. Nf3 d5 3. Bf4 c5 4. e3 Nc6 5. c3 Qb6 6. Qc2 g6 7. Nbd2 Bf5 8. dxc5 Qxc5 9. Qb3 Qb6 10. Qxb6 axb6 11.
Bb5 Bg7 12. O-O O-O 13. Rfe1 Rfc8 14. a3 Nh5 15. Bg5 f6 16. Bh4 g5 17. Bg3 Nxg3 18.
hxg3 Rd8 19. e4 dxe4 20. Nxe4 Na5 21. Ned2 e5 22. Nc4 Nb3 23. Rad1 e4 24. Nd4 Nxd4 25.
cxd4 Rac8 26. d5 Rc5 27. Ne3 Bg6 28. a4 f5 29. b4 Rc3 30. d6 Rb3 31. Bc4+ Bf7 32.
Bxb3 Bxb3 33. Rc1 f4 34. gxf4 gxf4 35. Nf5 e3 36. fxe3 Be5 37. exf4 Bxf4 38. Rc7 Bxa4 39. Ree7 1-0

[Event "Early-Titled-Tuesday-Blitz-April-23-2024"]
[Site "Chess.com"]
[Date "2024.04.23"]
[Round "3"]
[White "Timerkhanov"]
[Black "Arteler"]
[Result "1-0"]
[WhiteElo "2637"]
[BlackElo "2352"]
[TimeControl "180+1"]
[EndTime "8:28:44 PDT"]
[Termination "Timerkhanov won on time"]

1. d4 Nf6 2. Bg5 g6 3. Bxf6 exf6 4. e3 Bg7 5. g3 d6 6. Bg2 O-O 7. Ne2 c6 8. O-O Re8 9. c4 f5 10. Nbc3 Nd7 11. Qd3 Nf6 12. b4 Qe7 13. b5 Bd7 14. a4 Ne4 15. Rab1 Rab8 16. a5 h5 17. h4 g5 18. hxg5 Qxg5 19. Nxe4 fxe4 20. Bxe4 h4 21. Kg2 cxb5 22. cxb5 h3+ 23. Kh2 d5 24. Bh1 Bf5 25. Qb3 Bxb1 26. Rxb1 Qf5 27. Nf4 Red8 28. Bxd5 Bh6 29.
Bf3 Bxf4 30. gxf4 Rd6 31. Rg1+ Rg6 32. Rxg6+ Qxg6 33. b6 axb6 34. axb6 Kg7 35. Qb5 Ra8 36. Qe5+ Kg8 37. f5 Qg5 38. f6 Qxe5+ 39. dxe5 Re8 40. Bxb7 Re6 41. Bd5 Rxb6 42. Kxh3 Rb5 43. e4 Rb3+ 44. Kg4 Kf8 45. f4 Rb1 46. Kf5 Rg1 47. e6 fxe6+ 48.
Bxe6 1-0

[Event "Early-Titled-Tuesday-Blitz-April-23-2024"]
[Site "Chess.com"]
[Date "2024.04.23"]
[Round "3"]
[White "Bilan_Danila"]
[Black "leepday"]
[Result "0-1"]
[WhiteElo "2547"]
[BlackElo "2202"]
[TimeControl "180+1"]
[EndTime "8:28:45 PDT"]
[Termination "leepday won by resignation"]

1. d4 d5 2. Nf3 Nf6 3. c4 e6 4. Nc3 c6 5. Bg5 Nbd7 6. cxd5 exd5 7. e3 Be7 8. Bd3 O-O 9. O-O Re8 10. Qc2 h6 11.
Bh4 Ne4 12. Bg3 Ndf6 13. Rab1 Bf5 14. Ne5 Rc8 15. b4 a6 16. a4 Bh7 17. a5 Bd6 18. Na4 Nxg3 19. Bxh7+ Nxh7 20. hxg3 Bxe5 21. dxe5 Rxe5 22.
Nc5 Qe7 23. Rbd1 Nf6 24. Rd4 Ne4 25. Rfd1 Re8 26. Nd3 Rf5 27. Rf1 Qf6 28. Nc5 Nxg3 29. Rfd1 Ne4 30. Nxe4 dxe4 31. Rxe4 Rxe4 32. Qxe4 Rxf2 33. Rd7 Rf1+ 34. Kh2 g6 35. Rxb7 Qd6+ 36. g3 Rf2+ 37. Kh3 Rf5 38. Qd4 Rd5 39. Qf4 Rh5+ 40. Kg2 Qd2+ 41. Kf3 Rf5 42. Rb6 Rxf4+ 43. gxf4 Qd5+ 44.
Kg3 Qc4 45. Kf2 Kg7 46. Kf3 h5 47. Kg3 Qd3 48. Kf3 h4 49. Kg4 Qxe3 50. Kxh4 Qxf4+ 51. Kh3 Qc4 52. Kg3 f5 53. Kf3 g5 54. Rxc6 Qxc6+ 0-1

[Event "Early-Titled-Tuesday-Blitz-April-23-2024"]
[Site "Chess.com"]
[Date "2024.04.23"]
[Round "3"]
[White "grantelgibbs"]
[Black "ashookk"]
[Result "0-1"]
[WhiteElo "1826"]
[BlackElo "2338"]
[TimeControl "180+1"]
[EndTime "8:28:46 PDT"]
[Termination "ashookk won on time"]

1. e3 d5 2. b3 e5 3. Bb2 Bd6 4. Nf3 Qe7 5. c4 Nf6 6. Nc3 dxc4 7. Bxc4 c6 8. O-O O-O 9. Re1 Bg4 10. h3 Bh5 11. Be2 Nbd7 12. d4 Rad8 13. Qc2 Bg6 14. Qd1 Rfe8 15. Rc1 Ba3 16. Qd2 Bb4 17. Qd1 Ne4 18.
Nd2 Nxd2 19. Qxd2 Nf6 20. Bf3 c5 21. Rcd1 cxd4 22. exd4 e4 23. d5 Qc5 24. Bg4 Rxd5 25. Qe3 Rxd1 26. Bxd1 Qa5 27. a4 Nd5 28. Nxd5 Bxe1 0-1

[Event "Early-Titled-Tuesday-Blitz-April-23-2024"]
[Site "Chess.com"]
[Date "2024.04.23"]
[Round "3"]
[White "RobertoJBM"]
[Black "Mackster23"]
[Result "1-0"]
[WhiteElo "2857"]
[BlackElo "2577"]
[TimeControl "180+1"]
[EndTime "8:28:47 PDT"]
[Termination "RobertoJBM won by resignation"]

1. d4 Nf6 2. e3 d5 3. Nf3 c5 4. c3 e6 5. Nbd2 b6 6. Bb5+ Nbd7 7. O-O Bb7 8. Ne5 a6 9. Bd3 Nxe5 10. dxe5 Nd7 11.
f4 f5 12. exf6 Nxf6 13. Qe2 Qc7 14. e4 c4 15. Bc2 Bc5+ 16. Kh1 O-O-O 17. e5 Nd7 18. b3 b5 19. a4 b4 20. bxc4 bxc3 21. Nb3 d4 22. f5 exf5 23. e6 Nf6 24. Bxf5 Kb8 25. Nxc5 Qxc5 26. e7 Rde8 27. Ba3 Qc6 28. Rad1 g6 29. Bh3 Ne4 30. Rxd4 Ka8 31. Bd7 Qc7 32.
Bxe8 Rxe8 33. Rxe4 Bxe4 34. Qxe4+ 1-0

[Event "Early-Titled-Tuesday-Blitz-April-23-2024"]
[Site "Chess.com"]
[Date "2024.04.23"]
[Round "3"]
[White "Grandelicious"]
[Black "Sadykov_Ramil"]
[Result "1-0"]
[WhiteElo "2901"]
[BlackElo "2634"]
[TimeControl "180+1"]
[EndTime "8:28:47 PDT"]
[Termination "Grandelicious won by resignation"]

1. d4 d5 2. c4 e6 3. Nc3 Nf6 4.
Bg5 Be7 5. e3 O-O 6. Rc1 h6 7.
Bxf6 Bxf6 8. Nf3 c6 9. h4 g6 10.
h5 g5 11. Bd3 Nd7 12. cxd5 exd5 13. Bf5 Nb6 14. Qc2 Bxf5 15. Qxf5 Nc4 16. O-O Re8 17. Nh2 Bg7 18. Qc2 Nd6 19. b4 a5 20.
b5 Nxb5 21. Nxb5 cxb5 22. Qb3 b4 23. Rc5 Qb6 24. Rb1 Bf8 25. Rxd5 a4 26. Qd3 b3 27. axb3 a3 28. Ra1 Rec8 29. Ng4 a2 30. g3 Bb4 31. Qe2 Qa6 32. Qf3 Bc3 33. Rxa2 Qxa2 34. Nxh6+ Kg7 35. Qxf7+ Kh8 36. Qf6+ 1-0

[Event "Early-Titled-Tuesday-Blitz-April-23-2024"]
[Site "Chess.com"]
[Date "2024.04.23"]
[Round "3"]
[White "amanjazu"]
[Black "carokannlover213"]
[Result "1-0"]
[WhiteElo "2542"]
[BlackElo "2790"]
[TimeControl "180+1"]
[EndTime "8:28:47 PDT"]
[Termination "amanjazu won on time"]

1. d4 g6 2. c4 Bg7 3. Nc3 d6 4. e4 Nc6 5. Be3 e5 6. d5 Nd4 7.
Nge2 Nxe2 8. Bxe2 h5 9. h4 Bh6 10. Qd2 Bxe3 11. Qxe3 Nh6 12. f3 Bd7 13. O-O-O Qe7 14.
Rdg1 f5 15. b4 c6 16. Kb2 a5 17. a3 f4 18. Qb6 Kf7 19. b5 c5 20. g3 fxg3 21. Rxg3 Rhb8 22. Rhg1 Rg8 23. Rg5 Be8 24. f4 exf4 25. e5 Nf5 26. Bxh5 Kf8 27. Bg4 Qxe5 28.
Bxf5 f3 29. Be6 Qd4 30. Rd1 1-0

[Event "Early-Titled-Tuesday-Blitz-April-23-2024"]
[Site "Chess.com"]
[Date "2024.04.23"]
[Round "3"]
[White "Dewarfd"]
[Black "Valio_M1948"]
[Result "0-1"]
[WhiteElo "2099"]
[BlackElo "2374"]
[TimeControl "180+1"]
[EndTime "8:28:47 PDT"]
[Termination "Valio_M1948 won on time"]

1. c4 g6 2. Nc3 Bg7 3. g3 c5 4.
Bg2 Nc6 5. e4 d6 6. Nge2 b6 7.
O-O Bb7 8. d3 Qd7 9. Be3 Nd4 10.
Qd2 e6 11. Rab1 Ne7 12. b4 O-O 13. Bh6 f5 14. Bxg7 Kxg7 15. Nxd4 cxd4 16. Ne2 e5 17. f4 fxe4 18. Bxe4 Bxe4 19. dxe4 Qe6 20. Rfc1 Rac8 21. Qd3 Rc7 22. Rb2 Rfc8 23. Rbc2 Nc6 24. a3 a5 25. c5 dxc5 26. bxc5 b5 27. Qxb5 Rb8 28. Qc4 Qxc4 29. Rxc4 Rb3 30. a4 d3 31. Nc3 Nd4 32. Kf2 Rb2+ 33. Ke3 d2 34. Rd1 Nc2+ 35. Kd3 Nb4+ 0-1

[Event "Early-Titled-Tuesday-Blitz-April-23-2024"]
[Site "Chess.com"]
[Date "2024.04.23"]
[Round "3"]
[White "manitodeplomo"]
[Black "FLYD"]
[Result "1-0"]
[WhiteElo "2643"]
[BlackElo "2012"]
[TimeControl "180+1"]
[EndTime "8:28:48 PDT"]
[Termination "manitodeplomo won by resignation"]

1. d4 Nf6 2. c4 e6 3. Nf3 d5 4. Nc3 Bb4 5. Qa4+ Nc6 6. e3 O-O 7. Bd2 Re8 8. Rd1 a6 9. h3 Rb8 10. Qc2 e5 11. dxe5 Nxe5 12. cxd5 Nxf3+ 13. gxf3 Nd7 14. Be2 Qh4 15. a3 Bf8 16. Ne4 Ne5 17. Bc3 Bf5 18. Rd4 Rbd8 19. Qd1 Kh8 20. Ng3 Qe7 21. Nxf5 Qf6 22. Ng3 c6 23. f4 Ng6 24.
dxc6 Rxd4 25. Qxd4 Qxc6 26. O-O Nh4 27. e4 f6 28. Rd1 Bc5 29. Qd7 Qxd7 30. Rxd7 h6 31. b4 Bf8 32. Rxb7 Ng6 33. Bd2 Nh4 34. Be3 Rd8 35.
Bg4 a5 36. bxa5 Bxa3 37. a6 g6 38. a7 h5 1-0

[Event "Early-Titled-Tuesday-Blitz-April-23-2024"]
[Site "Chess.com"]
[Date "2024.04.23"]
[Round "3"]
[White "norwaytoadog"]
[Black "maurovargas01"]
[Result "1-0"]
[WhiteElo "2342"]
[BlackElo "1892"]
[TimeControl "180+1"]
[EndTime "8:28:48 PDT"]
[Termination "norwaytoadog won on time"]

1. e4 d5 2. exd5 Qxd5 3. Nc3 Qa5 4. d4 c6 5. Nf3 Nf6 6. Bc4 Bg4 7. O-O e6 8. Re1 Bd6 9. h3 Bh5 10. d5 cxd5 11. Nxd5 Bxf3 12. gxf3 Nxd5 13. Bxd5 O-O 14. Bxb7 Nd7 15. Bxa8 Rxa8 16. Be3 Qc7 17. Qd3 Ne5 18.
Qe4 Rb8 19. f4 Rb4 20. Qa8+ Rb8 21. Qg2 Ng6 22. b3 Nxf4 23. Bxf4 Bxf4 24. c4 Be5 25.
Rad1 Bc3 26. Re3 Bf6 27. Red3 Qe5 28. Re3 Qh5 29. Qf3 Qg6+ 30. Kf1 Qc2 31. Qe2 1-0

[Event "Early-Titled-Tuesday-Blitz-April-23-2024"]
[Site "Chess.com"]
[Date "2024.04.23"]
[Round "3"]
[White "js20000"]
[Black "Zhigalko_Sergei"]
[Result "1-0"]
[WhiteElo "2741"]
[BlackElo "2932"]
[TimeControl "180+1"]
[EndTime "8:28:49 PDT"]
[Termination "js20000 won by resignation"]

1. b3 e5 2. Bb2 d6 3. c4 Nf6 4.
d4 exd4 5. Qxd4 Nc6 6. Qe3+ Be6 7. Nc3 g6 8. Nf3 Bg7 9. Ng5 Qe7 10. Nxe6 fxe6 11.
g3 Ng4 12. Qe4 Nf6 13. Qc2 O-O 14. Bg2 Rf7 15. O-O Raf8 16. Rad1 Ng4 17. Bf3 Nd4 18. Rxd4 Bxd4 19. Bxg4 Rxf2 20. Rxf2 Rxf2 21. Nd5 Qg7 22. Bxe6+ Rf7+ 23. e3 Bxb2 24. Nxc7 Be5 25. Qf2 Kf8 26. Bxf7 Qxf7 27. Qxf7+ Kxf7 28. Kf2 h5 29. Kf3 g5 30. h3 a6 31. g4 h4 32. Ke4 Ke7 33. Kf5 Kd7 34. Nd5 Kc6 35. Kxg5 b5 36. Ne7+ Kc5 37. cxb5 axb5 38. a4 bxa4 39. bxa4 Kb4 40. Nc6+ Kxa4 41. Nxe5 dxe5 42. Kf5 Kb3 43. Kxe5 Kc4 44. g5 Kd3 45. Kf4 Ke2 46. g6 Kf2 47. g7 Kg2 48. Kg4 Kh1 49. e4 1-0

[Event "Early-Titled-Tuesday-Blitz-April-23-2024"]
[Site "Chess.com"]
[Date "2024.04.23"]
[Round "3"]
[White "czechbul17"]
[Black "ozates"]
[Result "1-0"]
[WhiteElo "2051"]
[BlackElo "2543"]
[TimeControl "180+1"]
[EndTime "8:28:50 PDT"]
[Termination "czechbul17 won by checkmate"]

1. d4 Nf6 2. c4 g6 3. Nc3 Bg7 4. e4 O-O 5. f4 d6 6. Nf3 c5 7. d5 e6 8. Be2 exd5 9. cxd5 b5 10. e5 dxe5 11. fxe5 Ng4 12. Bg5 Qa5 13. O-O Nxe5 14. d6 Be6 15. Nxe5 Bxe5 16. Bf3 Nd7 17. Bxa8 Rxa8 18. Nd5 Bd4+ 19. Ne3 Bxb2 20. Qf3 Re8 21. Rae1 Qxa2 22. Nd5 Bd4+ 23. Kh1 b4 24. Rxe6 Rf8 25. Bh6 Bg7 26. Bxg7 Kxg7 27. Re7 Qa4 28. Rxf7+ Rxf7 29. Qxf7+ Kh6 30. Qf4+ Kg7 31. Nf6 Nb6 32. Qe5 Nc4 33. Qe7+ Kh6 34. h4 g5 35. Qxh7# 1-0

[Event "Early-Titled-Tuesday-Blitz-April-23-2024"]
[Site "Chess.com"]
[Date "2024.04.23"]
[Round "3"]
[White "sokidze"]
[Black "colegiodemadrid"]
[Result "1-0"]
[WhiteElo "2815"]
[BlackElo "2528"]
[TimeControl "180+1"]
[EndTime "8:28:51 PDT"]
[Termination "sokidze won by checkmate"]

1. d4 d5 2. c4 e6 3. Nc3 Nf6 4. cxd5 exd5 5. Bg5 Bb4 6. Qb3 Nc6 7. e3 h6 8. Bxf6 Qxf6 9. Bd3 Be6 10. Nf3 O-O 11.
O-O Rfd8 12. a3 Bxc3 13. Qxc3 Rac8 14. Rfc1 Bg4 15. Nd2 Ne7 16. b4 a6 17. Bf1 Nf5 18. h3 Bh5 19. g4 Bxg4 20. hxg4 Qg5 21. Bh3 h5 22. Nf3 Qg6 23. Ne5 Qg5 24. Nf3 Qg6 25.
Kf1 hxg4 26. Ne5 Qh5 27. Bxg4 Qh1+ 28. Ke2 Ng3+ 29. fxg3 Qg2+ 30. Kd3 Qe4+ 31. Kd2 f6 32. Qd3 Qg2+ 33. Qe2 Qxg3 34. Bxc8 fxe5 35. Be6+ Kf8 36.
Rxc7 exd4 37. Rf1+ Ke8 38. Bf7+ Kf8 39. Bxd5+ Ke8 40.
Qh5+ g6 41. Qh8# 1-0

[Event "Early-Titled-Tuesday-Blitz-April-23-2024"]
[Site "Chess.com"]
[Date "2024.04.23"]
[Round "3"]
[White "Happy1712Drummer"]
[Black "GalaxyRoman"]
[Result "0-1"]
[WhiteElo "2524"]
[BlackElo "2794"]
[TimeControl "180+1"]
[EndTime "8:28:51 PDT"]
[Termination "GalaxyRoman won by checkmate"]

1. e4 e5 2. Nf3 Nc6 3. Nc3 Nf6 4. d4 exd4 5. Nd5 Be7 6. Bd3 O-O 7.
O-O d6 8. h3 Be6 9. Nxe7+ Qxe7 10. Bg5 h6 11. Bh4 Rfe8 12. Qd2 Rad8 13. Rae1 a6 14. Qf4 Bc8 15. Bc4 Ne5 16. Bb3 c5 17. Bd5 Ng6 18. Bxf6 Nxf4 19. Bxe7 Rxe7 20. b4 Nxd5 21.
exd5 Rde8 22. Rxe7 Rxe7 23. bxc5 dxc5 24. Rd1 Bf5 25. Rd2 Kf8 26. a4 Be4 27. Ne1 Bxd5 28.
Nd3 Rc7 29. Nf4 Be6 30. Nxe6+ fxe6 31. Kf1 Ke7 32. Ke2 e5 33. Kd3 Kd6 34. Ke4 Rf7 35. f3 Rf4+ 36. Kd3 Kd5 37. Re2 c4+ 38. Kd2 e4 39.
fxe4+ Rxe4 40. Rf2 c3+ 41. Kd3 Re3# 0-1

[Event "Early-Titled-Tuesday-Blitz-April-23-2024"]
[Site "Chess.com"]
[Date "2024.04.23"]
[Round "3"]
[White "erugee"]
[Black "Payyappat"]
[Result "0-1"]
[WhiteElo "2301"]
[BlackElo "2526"]
[TimeControl "180+1"]
[EndTime "8:28:51 PDT"]
[Termination "Payyappat won on time"]

1. e4 c6 2. d3 d5 3. Nd2 e5 4. Ngf3 Bd6 5. g3 f5 6. Bg2 Nf6 7. Qe2 O-O 8. O-O f4 9. h3 Bd7 10. c4 Qc8 11. Kh2 d4 12. c5 Bc7 13. Nc4 Qe8 14. b4 Qh5 15. Nd6 Na6 16. a3 b6 17.
gxf4 bxc5 18. fxe5 Ng4+ 19. Kg1 Nxe5 20. Nf5 Bxf5 21. exf5 Qxf5 22. Nxe5 Bxe5 23. b5 cxb5 24. Bxa8 Rxa8 25. f4 Bf6 26. Qe4 Qxe4 27. dxe4 c4 28. e5 Be7 29. Rb1 Nc7 30. f5 Bc5 31. Kg2 d3 32. f6 c3 33. f7+ Kf8 34. Bg5 h6 35.
Bf4 c2 36. Rb3 Nd5 37. Bd2 Ne3+ 38. Bxe3 Bxe3 39. Rxd3 c1=Q 40. Rxc1 Bxc1 41. Rd7 Bxa3 42. e6 Be7 43. Rb7 b4 44. Kf3 a5 45. Ke4 a4 46.
Kf5 a3 47. Kg6 a2 48. Rxe7 Kxe7 0-1

[Event "Early-Titled-Tuesday-Blitz-April-23-2024"]
[Site "Chess.com"]
[Date "2024.04.23"]
[Round "3"]
[White "frequentblunders"]
[Black "yonaltimur"]
[Result "0-1"]
[WhiteElo "2196"]
[BlackElo "2411"]
[TimeControl "180+1"]
[EndTime "8:28:51 PDT"]
[Termination "yonaltimur won by resignation"]

1. e4 c5 2. Nf3 d6 3. Nc3 Nf6 4. d4 cxd4 5. Nxd4 a6 6. Be2 e5 7. Nf3 Be6 8. O-O Be7 9. h3 h6 10. a4 O-O 11. Be3 Nbd7 12. Qd2 Rc8 13. Rfd1 Qc7 14.
a5 Rfd8 15. Na4 Nc5 16. Nxc5 dxc5 17. Qc3 Nxe4 18. Qxe5 Qxe5 19. Nxe5 Bf6 20. Bf4 g5 21.
Bh2 Kf8 22. c3 Ke7 23. Ng4 Bg7 24. Bf3 f5 25. Ne5 Rxd1+ 26. Rxd1 Rd8 27. Rxd8 Kxd8 28. g4 Nd2 29. Bxb7 f4 30. Nf3 Kc7 31. Nxd2 Kxb7 32. f3 Kc6 33. Kf1 Kb5 34. Bg1 Bc4+ 35. Nxc4 Kxc4 36. Ke1 Kb3 37. Bxc5 Kxb2 38. Bd4 Bf8 39. Kd2 Kb3 40. Kd3 Ka4 41. Bb6 Kb5 42. c4+ Kc6 43.
Ke4 Bc5 44. Kf5 Bxb6 45. axb6 Kxb6 46. Kg6 a5 47. Kxh6 a4 48. Kxg5 a3 49. h4 a2 50.
h5 a1=Q 51. Kxf4 Qf6+ 52. Ke4 Kc5 53. f4 Kxc4 54. g5 Qe6+ 55. Kf3 Qh3+ 56. Ke4 Qxh5 0-1

[Event "Early-Titled-Tuesday-Blitz-April-23-2024"]
[Site "Chess.com"]
[Date "2024.04.23"]
[Round "3"]
[White "Makswolf200817"]
[Black "FairChess_on_YouTube"]
[Result "1-0"]
[WhiteElo "2802"]
[BlackElo "3088"]
[TimeControl "180+1"]
[EndTime "8:28:52 PDT"]
[Termination "Makswolf200817 won by resignation"]

1. d4 Nf6 2. c4 g6 3. g3 Bg7 4.
Bg2 O-O 5. Nc3 d6 6. Nf3 c5 7.
d5 Na6 8. O-O Rb8 9. e4 Bg4 10.
Re1 Nd7 11. h3 Bxf3 12. Bxf3 Nc7 13. Be2 Bd4 14. Bf1 e5 15. Bh6 Qf6 16. Qd2 Rfc8 17.
Bg5 Bxf2+ 18. Qxf2 Qxg5 19. Re3 Rf8 20. Rf3 f5 21.
exf5 gxf5 22. Kh2 Rf6 23. h4 Qh5 24. Bh3 Rbf8 25. Rf1 e4 26. Rf4 Ne5 27. Nxe4 fxe4 28. Rxf6 Nf3+ 29. Rxf3 Rxf3 30. Qe2 Qg6 31. Rxf3 exf3 32.
Qxf3 Qc2+ 33. Bg2 Ne8 34. Qg4+ Kf8 35. Qf4+ Ke7 36. Qe4+ Qxe4 37. Bxe4 h6 38. g4 Nf6 39. Bf5 b5 40. g5 hxg5 41. hxg5 Nh5 42. cxb5 Nf4 43. a4 Nxd5 44. a5 c4 45. Kg1 Nb4 46.
b6 axb6 47. axb6 d5 48. b7 Nc6 49. Kf2 d4 50. Ke2 Kd6 51. g6 Ne7 52. b8=Q+ 1-0

[Event "Early-Titled-Tuesday-Blitz-April-23-2024"]
[Site "Chess.com"]
[Date "2024.04.23"]
[Round "3"]
[White "margarita_2703"]
[Black "rhungaski"]
[Result "0-1"]
[WhiteElo "2296"]
[BlackElo "2506"]
[TimeControl "180+1"]
[EndTime "8:28:52 PDT"]
[Termination "rhungaski won by checkmate"]

1. e4 e5 2. Nf3 Nc6 3. Bc4 Nf6 4.
O-O h6 5. d4 exd4 6. e5 d5 7.
exf6 dxc4 8. Re1+ Be6 9. Na3 Qd5 10. b3 c3 11. Qd3 gxf6 12. Nb5 O-O-O 13. Bf4 Rd7 14.
Rad1 Rg8 15. Bg3 Nb4 16. Qe2 d3 17. Qe4 Qxb5 18. cxd3 c2 19. Rc1 Qxd3 20. Qf4 Bd6 21. Qxf6 Nxa2 22. Bxd6 Rxd6 23. Ra1 c1=Q 24. Raxc1 Nxc1 25.
Qb2 Nxb3 26. Qe5 Qxf3 27. g3 Bh3 28. Qe4 Qxe4 29. Rxe4 Rd1+ 30. Re1 Rxe1# 0-1

[Event "Early-Titled-Tuesday-Blitz-April-23-2024"]
[Site "Chess.com"]
[Date "2024.04.23"]
[Round "3"]
[White "ljuks68"]
[Black "Louis-Paulsen-Fan"]
[Result "0-1"]
[WhiteElo "2383"]
[BlackElo "2344"]
[TimeControl "180+1"]
[EndTime "8:28:53 PDT"]
[Termination "Louis-Paulsen-Fan won on time"]

1. e4 Nf6 2. e5 Nd5 3. c4 Nb6 4. d4 d6 5. f4 dxe5 6. fxe5 c5 7.
d5 e6 8. Nc3 exd5 9. cxd5 Qh4+ 10. g3 Qd4 11. Nf3 Qxd1+ 12. Kxd1 Bg4 13. Be2 Na6 14.
h3 Bxf3 15. Bxf3 Nb4 16. d6 O-O-O 17. Bf4 f6 18. a3 Nd3 19. Kc2 Nxe5 20. Bxe5 fxe5 21.
Nb5 a6 22. Nc3 Bxd6 23. Rae1 Rhf8 24. Rhf1 Nc4 25. a4 b6 26. b3 Na5 27. Nd5 Bc7 28.
Nxc7 Kxc7 29. Rxe5 Nc6 30. Re3 Nd4+ 31. Kc3 Rd7 32. Bg2 Rxf1 33. Bxf1 b5 34. axb5 axb5 35. Re5 Kd6 36. Re4 b4+ 37. Kc4 Rf7 38. Rf4 Rxf4 39. gxf4 g6 40. Bd3 Nf3 41. Be2 Nh4 42. Kd3 Kd5 43.
Bf3+ Nxf3 0-1

[Event "Early-Titled-Tuesday-Blitz-April-23-2024"]
[Site "Chess.com"]
[Date "2024.04.23"]
[Round "3"]
[White "Grischuk"]
[Black "kids2010"]
[Result "1-0"]
[WhiteElo "3076"]
[BlackElo "2776"]
[TimeControl "180+1"]
[EndTime "8:28:54 PDT"]
[Termination "Grischuk won by resignation"]

1. d4 d5 2. Nf3 Nf6 3. Bg5 Ne4 4. Bh4 c5 5. e3 Nc6 6. Nbd2 Nxd2 7. Qxd2 cxd4 8. Nxd4 Nxd4 9. exd4 Qb6 10. c4 dxc4 11. Bxc4 e6 12. O-O Bd6 13. d5 O-O 14. dxe6 Bxe6 15.
Bxe6 fxe6 16. Qe2 Bc5 17. Bg3 Bd4 18. Be5 Bxe5 19. Qxe5 Rf5 20. Qe2 Raf8 21. Rad1 R5f7 22. Rd3 h6 23. Re3 Rf6 24. h3 R8f7 25. Kh1 Kh7 26. f3 Rd7 27. Re1 Qc6 28. b3 Rd6 29. Re4 Qd7 30. Rc4 Rd4 31. Qc2+ Rg6 32. Rxd4 Qxd4 33. Rxe6 Qa1+ 34. Kh2 1-0

[Event "Early-Titled-Tuesday-Blitz-April-23-2024"]
[Site "Chess.com"]
[Date "2024.04.23"]
[Round "3"]
[White "Aragon"]
[Black "ViktoriyaTarasova"]
[Result "0-1"]
[WhiteElo "2083"]
[BlackElo "2367"]
[TimeControl "180+1"]
[EndTime "8:28:54 PDT"]
[Termination "ViktoriyaTarasova won on time"]

1. e4 e5 2. Nf3 Nc6 3. Nc3 Nf6 4. Be2 Bc5 5. Nxe5 Nxe5 6. d4 Bb4 7. dxe5 Nxe4 8. Qd4 Bxc3+ 9. bxc3 Ng5 10. Qh4 Ne6 11.
Qg3 O-O 12. f4 f6 13. Ba3 Re8 14. Bh5 g6 15. O-O Ng7 16. Bxg6 hxg6 17. Qxg6 Re6 18. f5 Ra6 19. Bb4 d5 20. exf6 Rxf6 21. Qg3 Bxf5 22. Bc5 Rf7 23. Rae1 Qd7 24. Bd4 Be4 25. Rf4 Rxf4 26.
Qxf4 Rf8 27. Qe5 Re8 28. Qg5 Qe7 29. Qg3 c5 30. Be3 b6 31. Bh6 Rf8 32. Re2 Rf7 33. h3 Kh7 34. Rd2 Kxh6 0-1

[Event "Early-Titled-Tuesday-Blitz-April-23-2024"]
[Site "Chess.com"]
[Date "2024.04.23"]
[Round "3"]
[White "Nikolakis2014"]
[Black "AccioChess"]
[Result "1-0"]
[WhiteElo "2730"]
[BlackElo "2455"]
[TimeControl "180+1"]
[EndTime "8:28:55 PDT"]
[Termination "Nikolakis2014 won by checkmate"]

1. Nf3 Nf6 2. c4 g6 3. g3 Bg7 4. Bg2 O-O 5. d4 c6 6. O-O d5 7. Ne5 Nfd7 8. cxd5 cxd5 9. Nc3 Nxe5 10. dxe5 d4 11. Nd5 Nc6 12. f4 Be6 13. e4 Bxd5 14. exd5 Nb4 15. a3 Nxd5 16. Qxd4 e6 17. Bd2 f6 18. exf6 Bxf6 19. Qe4 Qb6+ 20. Kh1 Rae8 21.
Rab1 Qb3 22. Rfe1 b6 23. Bh3 Nc7 24. Bb4 Rf7 25. Re3 Qd5 26. Qxd5 Nxd5 27. Rxe6 Rd8 28. Bd6 Kg7 29. Be5 Bxe5 30. Rxe5 Nf6 31. Rbe1 Rd6 32.
R5e2 Rd3 33. Be6 Re7 34. Ba2 Rxe2 35. Rxe2 Rd7 36. Kg2 Rc7 37. h3 h5 38. Kf3 Nd7 39. Re7+ Kf6 40. Rf7# 1-0

[Event "Early-Titled-Tuesday-Blitz-April-23-2024"]
[Site "Chess.com"]
[Date "2024.04.23"]
[Round "3"]
[White "FuenfgegenWilly"]
[Black "GelmanAlexander"]
[Result "1-0"]
[WhiteElo "2494"]
[BlackElo "2644"]
[TimeControl "180+1"]
[EndTime "8:28:55 PDT"]
[Termination "FuenfgegenWilly won on time"]

1. d4 Nf6 2. c4 c5 3. d5 b5 4. Qc2 b4 5. b3 d6 6. e4 g6 7.
Bb2 Bg7 8. Nd2 O-O 9. Ngf3 a5 10.
a4 e5 11. dxe6 fxe6 12. Bd3 e5 13. O-O-O Nc6 14. Nf1 Bg4 15. Be2 Nh5 16. h3 Bxf3 17. Bxf3 Nf4 18. Ne3 Ne6 19. Nd5 Ned4 20. Qd3 Qh4 21.
Kb1 Qxf2 22. Rhf1 Qg3 23. Rd2 Rf7 24. Rdf2 Raf8 25. Bc1 Nxf3 26. Rxf3 Qxg2 27. Ne3 Rxf3 28. Qd5+ Kh8 29. Nxg2 Rxf1 30. Ne3 Re1 31. Qxc6 Bh6 32. Qxd6 1-0

[Event "Early-Titled-Tuesday-Blitz-April-23-2024"]
[Site "Chess.com"]
[Date "2024.04.23"]
[Round "3"]
[White "cthulhuuu"]
[Black "SharapovEvgeny"]
[Result "1-0"]
[WhiteElo "2491"]
[BlackElo "2640"]
[TimeControl "180+1"]
[EndTime "8:28:56 PDT"]
[Termination "cthulhuuu won by checkmate"]

1. e4 c5 2. Nf3 d6 3. g3 Nc6 4. Bg2 Bg4 5. h3 Bxf3 6. Qxf3 g6 7. O-O Bg7 8. d3 e6 9. c3 Nge7 10. Be3 O-O 11. Qd1 b5 12. e5 Rb8 13. exd6 Qxd6 14.
Nd2 Qxd3 15. Bxc5 Rfd8 16. Nb3 Qc4 17. Qg4 Nd5 18. Rad1 h5 19. Qg5 Bf6 20. Qh6 a5 21. Rfe1 Qa4 22. Nd4 Nxd4 23. Bxd4 Bxd4 24. Rxd4 Qxa2 25.
Rxe6 Qb1+ 26. Kh2 Qf5 27. Re2 b4 28. Be4 Qe6 29. Bxd5 Qxe2 30. Qxg6+ Kh8 31. Qf6+ Kh7 32. Qxf7+ Kh6 33. Qf6+ Kh7 34. Be4+ Kg8 35. Rxd8+ Rxd8 36. Qxd8+ Kf7 37. Qd7+ Kf6 38. Qd6+ Kg7 39. Qe7+ Kh6 40. Qf6# 1-0

[Event "Early-Titled-Tuesday-Blitz-April-23-2024"]
[Site "Chess.com"]
[Date "2024.04.23"]
[Round "3"]
[White "pasteta13"]
[Black "sterpfi"]
[Result "1-0"]
[WhiteElo "2426"]
[BlackElo "2198"]
[TimeControl "180+1"]
[EndTime "8:28:57 PDT"]
[Termination "pasteta13 won on time"]

1. e4 c6 2. Nf3 d5 3. exd5 cxd5 4. d4 Nc6 5. c4 Nf6 6. Nc3 a6 7. cxd5 Nxd5 8. Bc4 Be6 9. Bb3 Na5 10. Ng5 Nxb3 11. Nxe6 fxe6 12. Qxb3 Qd7 13. O-O g6 14. Re1 Bg7 15.
Bg5 O-O 16. Re4 Bf6 17. Bh6 Bg7 18. Bxg7 Kxg7 19. Rae1 Rf6 20. Nxd5 Qxd5 21. Qxd5 exd5 22. Rxe7+ Rf7 23. R7e5 Rd8 24. g3 Kf8 25. Rc1 Re7 26. Rxe7 Kxe7 27. Rc7+ Kd6 28. Rxb7 h5 29. Rb6+ Kc7 30.
Rxa6 Rb8 31. Rxg6 Rxb2 32. Rg5 Kc6 33. Rxh5 Rxa2 34. Rf5 Rd2 35. Rf4 Kd6 36. h4 Ke6 37. h5 Ra2 38. Kg2 Ra8 39. Kh3 Rh8 40. Kh4 Rg8 41.
h6 Rg6 42. Kh5 Rg8 43. h7 Rh8 44. Kg6 1-0

[Event "Early-Titled-Tuesday-Blitz-April-23-2024"]
[Site "Chess.com"]
[Date "2024.04.23"]
[Round "3"]
[White "YairParkhov"]
[Black "SameerMujumdar"]
[Result "1-0"]
[WhiteElo "2734"]
[BlackElo "2515"]
[TimeControl "180+1"]
[EndTime "8:28:58 PDT"]
[Termination "YairParkhov won by checkmate"]

1. e4 c5 2. Nf3 d6 3. d4 cxd4 4.
Nxd4 Nf6 5. Nc3 a6 6. a4 e5 7. Nf3 Be7 8. Bc4 Be6 9. Bb3 Nbd7 10. O-O Nc5 11. Bxe6 fxe6 12. Qe2 Rc8 13. Rd1 Qc7 14.
Bd2 O-O 15. Be1 Qc6 16. Nd2 Bd8 17. f3 Bb6 18. Bf2 Ncd7 19. Nb3 Nh5 20. Bxb6 Nxb6 21. Nd2 Nf4 22. Qe3 Rfd8 23. a5 Nd7 24. Nb3 Nf6 25.
Ra4 d5 26. exd5 N6xd5 27. Qxe5 Nxc3 28. Rxd8+ Rxd8 29. Rxf4 Nd5 30. Re4 Re8 31. c4 Nf6 32.
Rd4 Qa4 33. Nc5 Qa1+ 34. Kf2 Qxb2+ 35. Kg3 Qc1 36. Ne4 Qe1+ 37. Kh3 Nxe4 38. Rxe4 Qb1 39. Rg4 Qf5 40. Qxg7# 1-0